APP
DETROIT (APP) TIGERS @ BLUEFIELD BLUE JAYS
07/09/2049
 
TOP OF THE 1ST
Detroit (APP) Tigers batting - Pitching for Bluefield Blue Jays : LHP Jack Osborne
Pitching: LHP Jack Osborne
Batting: RHB Alex Duarte 0-0: Ball
1-0: Foul Ball, location: 2F
1-1: Ball
2-1: Foul Ball, location: 2F
2-2: Ball
3-2: Base on Balls
Batting: RHB Tony Murray 0-0: Called Strike
0-1: Foul Ball, location: 2F
0-2: Ground out 4-3 (Groundball, 34, EV 103.8 MPH)
Alex Duarte to second
Batting: RHB Nate Dabney 0-0: Ball
1-0: Called Strike
1-1: Foul Ball, location: 2F
1-2: Ball
2-2: Foul Ball, location: 2F
2-2: Fly out, F3 (Popup, 3F, EV 76.9 MPH)
Batting: RHB George Sonier 0-0: Ball
1-0: Ball
2-0: Ball
3-0: Base on Balls
Batting: RHB John Barton 0-0: Called Strike
0-1: Hit by Pitch
Alex Duarte to third
George Sonier to second
Batting: LHB Simon Barry 0-0: Ball
1-0: Ball
2-0: Fly out, F6 (Flyball, 6MD, EV 91.2 MPH)
Top of the 1st over - 0 runs, 0 hits, 0 errors, 3 left on base; Detroit (APP) 0 - Bluefield 0
BOTTOM OF THE 1ST
Bluefield Blue Jays batting - Pitching for Detroit (APP) Tigers : RHP Edwin Marquez
Pitching: RHP Edwin Marquez
Batting: RHB Benedikt Fleischmann 0-0: Called Strike
0-1: Ball
1-1: Swinging Strike
1-2: Ball
2-2: Ball
3-2: Base on Balls
Batting: SHB Toby Patenaude 0-0: Ball
Benedikt Fleischmann steals 2nd base
1-0: Swinging Strike
1-1: Ball
2-1: Ground out 5-3 (Groundball, 5, EV 95.0 MPH)
Batting: RHB Brandon Williams 0-0: Called Strike
0-1: Called Strike
0-2: Strikes out looking
Batting: RHB Lao-che Zhu 0-0: Ball
1-0: Swinging Strike
1-1: Ball
2-1: Fly out, F7 (Flyball, 7LS, EV 89.4 MPH)
Bottom of the 1st over - 0 runs, 0 hits, 0 errors, 1 left on base; Detroit (APP) 0 - Bluefield 0
TOP OF THE 2ND
Detroit (APP) Tigers batting - Pitching for Bluefield Blue Jays : LHP Jack Osborne
Batting: RHB Yasutaka Yamasaki 0-0: Called Strike
0-1: Foul Ball, location: 2F
0-2: Ball
1-2: Ball
2-2: Foul Ball, location: 2F
2-2: Foul Ball, location: 2F
2-2: Strikes out swinging
Batting: SHB Salvador Lacosta 0-0: Ball
1-0: Foul Ball, location: 2F
1-1: Ball
2-1: Fly out, F8 (Flyball, 8RD, EV 90.6 MPH)
Batting: RHB Victor Acuna 0-0: Foul Ball, location: 2F
0-1: Swinging Strike
0-2: Strikes out swinging
Top of the 2nd over - 0 runs, 0 hits, 0 errors, 0 left on base; Detroit (APP) 0 - Bluefield 0
BOTTOM OF THE 2ND
Bluefield Blue Jays batting - Pitching for Detroit (APP) Tigers : RHP Edwin Marquez
Batting: RHB Cedric Nicholls 0-0: Called Strike
0-1: Ball
1-1: Swinging Strike
1-2: Strikes out looking
Batting: RHB Tom Bergman 0-0: Ground out 5-3 (Groundball, 5, EV 87.5 MPH)
Batting: SHB Miguel Sano Jr. 0-0: Called Strike
0-1: Ground out 4-3 (Groundball, 4, EV 103.1 MPH)
Bottom of the 2nd over - 0 runs, 0 hits, 0 errors, 0 left on base; Detroit (APP) 0 - Bluefield 0
TOP OF THE 3RD
Detroit (APP) Tigers batting - Pitching for Bluefield Blue Jays : LHP Jack Osborne
Batting: RHB Alex Duarte 0-0: Ball
1-0: Fly out, F8 (Flyball, 8LM, EV 90.6 MPH)
Batting: RHB Tony Murray 0-0: Ball
1-0: SINGLE (Groundball, 34D, EV 94.4 MPH)
Batting: RHB Nate Dabney 0-0: Called Strike
0-1: Called Strike
0-2: Ball
1-2: Foul Ball, location: 2F
1-2: Ball
2-2: Strikes out looking
Batting: RHB George Sonier 0-0: Ball
1-0: Ball
2-0: Foul Ball, location: 2F
2-1: Ball
3-1: Foul Ball, location: 2F
3-2: Strikes out swinging
Top of the 3rd over - 0 runs, 1 hit, 0 errors, 1 left on base; Detroit (APP) 0 - Bluefield 0
BOTTOM OF THE 3RD
Bluefield Blue Jays batting - Pitching for Detroit (APP) Tigers : RHP Edwin Marquez
Batting: RHB Hanley Hernandez 0-0: Ball
1-0: Called Strike
1-1: Called Strike
1-2: Strikes out looking
Batting: RHB Jerry Perez 0-0: DOUBLE (Line Drive, 78D, EV 105.6 MPH)
Batting: RHB Benedikt Fleischmann 0-0: Ground out 4-3 (Groundball, 4, EV 106.9 MPH)
Jerry Perez to third
Batting: SHB Toby Patenaude 0-0: Foul Ball, location: 2F
0-1: 2-RUN HOME RUN (Flyball, 9D, EV 100.6 MPH), Distance : 376 ft
Batting: RHB Brandon Williams 0-0: Called Strike
0-1: Ball
1-1: Foul Ball, location: 2F
1-2: Foul Ball, location: 2F
1-2: Ball
2-2: Foul Ball, location: 2F
2-2: Strikes out swinging
Bottom of the 3rd over - 2 runs, 2 hits, 0 errors, 0 left on base; Detroit (APP) 0 - Bluefield 2
TOP OF THE 4TH
Detroit (APP) Tigers batting - Pitching for Bluefield Blue Jays : LHP Jack Osborne
Batting: RHB John Barton 0-0: Swinging Strike
0-1: Ball
1-1: Called Strike
1-2: Strikes out swinging
Batting: LHB Simon Barry 0-0: Called Strike
0-1: Ball
1-1: Ball
2-1: Swinging Strike
2-2: Ball
3-2: Foul Ball, location: 2F
3-2: Ground out 5-3 (Groundball, 56D, EV 82.5 MPH)
Batting: RHB Yasutaka Yamasaki 0-0: Ball
1-0: Called Strike
1-1: Called Strike
1-2: Strikes out looking
Top of the 4th over - 0 runs, 0 hits, 0 errors, 0 left on base; Detroit (APP) 0 - Bluefield 2
BOTTOM OF THE 4TH
Bluefield Blue Jays batting - Pitching for Detroit (APP) Tigers : RHP Edwin Marquez
Batting: RHB Lao-che Zhu 0-0: Ground out 4-3 (Groundball, 4, EV 90.6 MPH)
Batting: RHB Cedric Nicholls 0-0: Called Strike
0-1: Ball
1-1: Foul Ball, location: 2F
1-2: Ball
2-2: Strikes out swinging
Batting: RHB Tom Bergman 0-0: Ball
1-0: Called Strike
1-1: Swinging Strike
1-2: SINGLE (Flyball, 8LS, EV 96.9 MPH)
Batting: SHB Miguel Sano Jr. 0-0: Ball
1-0: Called Strike
1-1: Fly out, F8 (Flyball, 89S, EV 88.1 MPH)
Bottom of the 4th over - 0 runs, 1 hit, 0 errors, 1 left on base; Detroit (APP) 0 - Bluefield 2
TOP OF THE 5TH
Detroit (APP) Tigers batting - Pitching for Bluefield Blue Jays : LHP Jack Osborne
Batting: SHB Salvador Lacosta 0-0: Called Strike
0-1: Ground out U3 (Groundball, 34, EV 83.1 MPH)
Batting: RHB Victor Acuna 0-0: Called Strike
0-1: Ball
1-1: Ball
2-1: SOLO HOME RUN (Flyball, 7D, EV 98.8 MPH), Distance : 387 ft
Batting: RHB Alex Duarte 0-0: Foul Ball, location: 2F
0-1: Ball
1-1: Ball
2-1: SINGLE (Groundball, 56, EV 98.8 MPH)
Batting: RHB Tony Murray 0-0: Foul Ball, location: 2F
0-1: 2-RUN HOME RUN (Flyball, 7D, EV 98.8 MPH), Distance : 377 ft
Pitching: RHP Jason Hanson
Batting: RHB Nate Dabney 0-0: Called Strike
0-1: Ball
1-1: Foul Ball, location: 2F
1-2: Ball
2-2: Ground out 4-3 (Groundball, 4, EV 106.9 MPH)
Batting: RHB George Sonier 0-0: Ball
1-0: DOUBLE (Line Drive, 3D, EV 95.6 MPH)
Batting: RHB John Barton 0-0: Foul Ball, location: 2F
0-1: Swinging Strike
0-2: Ball
1-2: Ball
2-2: Strikes out swinging
Top of the 5th over - 3 runs, 4 hits, 0 errors, 1 left on base; Detroit (APP) 3 - Bluefield 2
BOTTOM OF THE 5TH
Bluefield Blue Jays batting - Pitching for Detroit (APP) Tigers : RHP Edwin Marquez
Batting: RHB Hanley Hernandez 0-0: Ball
1-0: Ground out 5-3 (Groundball, 56S, EV 87.5 MPH)
Batting: RHB Jerry Perez 0-0: Swinging Strike
0-1: Ball
1-1: Ball
2-1: Swinging Strike
2-2: Strikes out swinging
Batting: RHB Benedikt Fleischmann 0-0: Called Strike
0-1: Ball
1-1: Ball
2-1: Foul Ball, location: 2F
2-2: Ball
3-2: Ground out 4-3 (Groundball, 4, EV 105.0 MPH)
Bottom of the 5th over - 0 runs, 0 hits, 0 errors, 0 left on base; Detroit (APP) 3 - Bluefield 2
TOP OF THE 6TH
Detroit (APP) Tigers batting - Pitching for Bluefield Blue Jays : RHP Jason Hanson
Batting: LHB Simon Barry 0-0: Called Strike
0-1: Ball
1-1: Swinging Strike
1-2: Ball
2-2: Strikes out swinging
Batting: RHB Yasutaka Yamasaki 0-0: Ball
1-0: Called Strike
1-1: SINGLE (Flyball, 6D, EV 88.8 MPH)
Batting: SHB Salvador Lacosta 0-0: Ball
1-0: Called Strike
1-1: Ball
2-1: Fly out, F7 (Flyball, 78M, EV 74.4 MPH)
Batting: RHB Victor Acuna 0-0: Ball
1-0: Ball
2-0: Fielders Choice at 2nd, 5-4 (Groundball, 5, EV 86.9 MPH)
Top of the 6th over - 0 runs, 1 hit, 0 errors, 1 left on base; Detroit (APP) 3 - Bluefield 2
BOTTOM OF THE 6TH
Bluefield Blue Jays batting - Pitching for Detroit (APP) Tigers : RHP Edwin Marquez
Batting: SHB Toby Patenaude 0-0: Swinging Strike
0-1: Ball
1-1: SINGLE (Flyball, 3D, EV 91.9 MPH)
Batting: RHB Brandon Williams 0-0: 2-RUN HOME RUN (Flyball, 7D, EV 95.6 MPH), Distance : 373 ft
Batting: RHB Lao-che Zhu 0-0: Called Strike
0-1: Ball
1-1: Ball
2-1: Foul Ball, location: 2F
2-2: SINGLE (Groundball, 34D, EV 107.5 MPH)
Batting: RHB Cedric Nicholls 0-0: Ball
1-0: Ball
2-0: Foul Ball, location: 2F
2-1: Called Strike
2-2: Strikes out swinging
Batting: RHB Tom Bergman 0-0: Ball
1-0: Foul Ball, location: 2F
1-1: Ball
2-1: Foul Ball, location: 2F
2-2: Strikes out looking
Batting: SHB Miguel Sano Jr. 0-0: Ball
1-0: Ball
2-0: SINGLE (Line Drive, 8LS, EV 104.4 MPH)
Lao-che Zhu to second
Batting: RHB Hanley Hernandez 0-0: Called Strike
0-1: Fielders Choice at 2nd, 6-4 (Groundball, 56, EV 92.5 MPH)
Bottom of the 6th over - 2 runs, 4 hits, 0 errors, 2 left on base; Detroit (APP) 3 - Bluefield 4
TOP OF THE 7TH
Detroit (APP) Tigers batting - Pitching for Bluefield Blue Jays : RHP Jason Hanson
Now at 1B: Cedric Nicholls
Now in LF: Edwin Esparza
Now in RF: Miguel Sano Jr.
Batting: RHB Alex Duarte 0-0: Called Strike
0-1: Foul Ball, location: 2F
0-2: Hit by Pitch
Batting: RHB Tony Murray 0-0: SINGLE (Groundball, 34D, EV 95.0 MPH)
Alex Duarte to second
Runner from 2nd tries for 3rd, SAFE, throw by RF made to third
Batting: RHB Nate Dabney 0-0: Ball
1-0: Foul Ball, location: 2F
1-1: Swinging Strike
1-2: Strikes out swinging
Batting: RHB George Sonier 0-0: Ball
1-0: Called Strike
1-1: Foul Ball, location: 2F
1-2: Strikes out swinging
Batting: RHB John Barton 0-0: Called Strike
0-1: Swinging Strike
0-2: Ball
1-2: DOUBLE (Flyball, 8RXD, EV 104.4 MPH)
Alex Duarte scores
Tony Murray to third
Pitching: RHP Josh Long
Batting: LHB Simon Barry 0-0: Called Strike
0-1: Ball
1-1: Called Strike
1-2: Strikes out swinging
Top of the 7th over - 1 run, 2 hits, 0 errors, 2 left on base; Detroit (APP) 4 - Bluefield 4
BOTTOM OF THE 7TH
Bluefield Blue Jays batting - Pitching for Detroit (APP) Tigers : RHP Edwin Marquez
Batting: LHB Edwin Esparza 0-0: Ball
1-0: Ball
2-0: Ball
3-0: Called Strike
3-1: Base on Balls
Batting: RHB Benedikt Fleischmann 0-0: Sac Bunt to 2R - play at first, batter OUT! 2-3
Edwin Esparza to second
Batting: SHB Toby Patenaude 0-0: Intentional Walk
Batting: RHB Brandon Williams 0-0: Foul Ball, location: 2F
0-1: Foul Ball, location: 2F
0-2: Ball
1-2: Ball
2-2: Ball
3-2: Base on Balls
Edwin Esparza to third
Toby Patenaude to second
Batting: RHB Lao-che Zhu 0-0: Ball
1-0: Ball
2-0: Called Strike
2-1: Foul Ball, location: 2F
2-2: Ball
3-2: Base on Balls
Edwin Esparza scores
Toby Patenaude to third
Brandon Williams to second
Pitching: RHP Moos Jansen
Batting: RHB Cedric Nicholls 0-0: Ball
1-0: SINGLE (Groundball, 56D, EV 105.0 MPH)
Toby Patenaude scores
Brandon Williams to third
Lao-che Zhu to second
Batting: RHB Jim Sabin 0-0: Called Strike
0-1: Fly out, F9 (Flyball, 9LM, EV 99.4 MPH)
Batting: SHB Miguel Sano Jr. 0-0: Ball
Wild Pitch!
Brandon Williams scores
Lao-che Zhu to third
Cedric Nicholls to second
1-0: Intentional Walk
Batting: RHB Hanley Hernandez 0-0: Ball
1-0: Foul Ball, location: 2F
1-1: Foul Ball, location: 2F
1-2: Strikes out swinging
Bottom of the 7th over - 3 runs, 1 hit, 0 errors, 3 left on base; Detroit (APP) 4 - Bluefield 7
TOP OF THE 8TH
Detroit (APP) Tigers batting - Pitching for Bluefield Blue Jays : RHP Josh Long
Batting: RHB Yasutaka Yamasaki 0-0: Foul Ball, location: 2F
0-1: Swinging Strike
0-2: Ball
1-2: Ball
2-2: Foul Ball, location: 2F
2-2: Foul Ball, location: 2F
2-2: Ball
3-2: Foul Ball, location: 2F
3-2: Foul Ball, location: 2F
3-2: SINGLE (Line Drive, 4MD, EV 98.1 MPH)
Batting: SHB Salvador Lacosta 0-0: Called Strike
0-1: Called Strike
0-2: Ball
1-2: Ball
2-2: Reached on error, E6 (Groundball, 6S, EV 66.2 MPH)
Yasutaka Yamasaki to second
Batting: RHB Victor Acuna 0-0: Swinging Strike
0-1: Swinging Strike
0-2: Strikes out swinging
Batting: RHB Alex Duarte 0-0: Foul Ball, location: 2F
0-1: Called Strike
0-2: Ball
1-2: Strikes out looking
Pitching: LHP Matt Ray
Batting: RHB Tony Murray 0-0: Fly out, F8 (Flyball, 89XD, EV 93.8 MPH)
Top of the 8th over - 0 runs, 1 hit, 1 error, 2 left on base; Detroit (APP) 4 - Bluefield 7
BOTTOM OF THE 8TH
Bluefield Blue Jays batting - Pitching for Detroit (APP) Tigers : RHP Moos Jansen
Batting: LHB Edwin Esparza 0-0: Foul Ball, location: 2F
0-1: Ball
1-1: Ball
2-1: Ball
3-1: Base on Balls
Batting: RHB Benedikt Fleischmann 0-0: Bunt missed!
0-1: Bunted foul
0-2: Ball
1-2: DOUBLE (Line Drive, 78D, EV 107.5 MPH)
Edwin Esparza to third
Batting: SHB Toby Patenaude 0-0: Intentional Walk
Batting: RHB Brandon Williams 0-0: Fielders Choice at 2nd, 6-4 (Groundball, 6, EV 97.5 MPH)
Edwin Esparza scores
Benedikt Fleischmann to third
Batting: RHB Lao-che Zhu 0-0: Ball
1-0: Ball
2-0: Foul Ball, location: 2F
2-1: SINGLE (Line Drive, 6MD, EV 105.0 MPH)
Benedikt Fleischmann scores
Brandon Williams to second
Batting: RHB Cedric Nicholls 0-0: Ball
1-0: Swinging Strike
1-1: Swinging Strike
1-2: Ball
2-2: Ground out 4-3 (Groundball, 4MS, EV 68.8 MPH)
Brandon Williams to third
Lao-che Zhu to second
Batting: RHB Jim Sabin 0-0: Ball
Wild Pitch!
Brandon Williams scores
Lao-che Zhu to third
1-0: Foul Ball, location: 2F
1-1: Swinging Strike
1-2: Foul Ball, location: 2F
1-2: Strikes out looking
Bottom of the 8th over - 3 runs, 2 hits, 0 errors, 1 left on base; Detroit (APP) 4 - Bluefield 10
TOP OF THE 9TH
Detroit (APP) Tigers batting - Pitching for Bluefield Blue Jays : LHP Matt Ray
Batting: RHB Nate Dabney 0-0: Fly out, F8 (Line Drive, 8RD, EV 93.1 MPH)
Batting: RHB George Sonier 0-0: Swinging Strike
0-1: Ball
1-1: Foul Ball, location: 2F
1-2: Strikes out swinging
Batting: RHB John Barton 0-0: Ball
1-0: Fly out, F7 (Line Drive, 78M, EV 93.1 MPH)
Top of the 9th over - 0 runs, 0 hits, 0 errors, 0 left on base; Detroit (APP) 4 - Bluefield 10
Sunday, July 16th , 2023 - OOTP Baseball 24.6 Build 69